 Dungeon Sprint DCSS version 0.28-a0-479-g5baa6b73be (webtiles) character file.

Game seed: 11783799972103218871

110 MikeHunt the Martial Artist (level 4, 0/35 HPs)
             Began as a Demonspawn Chaos Knight on Sept 18, 2021.
             Was a Plaything of Xom.
             Slain by a shadow (6 damage)
             ... in the Dungeon (Sprint III: "The Ten Rune Challenge").
             The game lasted 00:01:24 (420 turns).

MikeHunt the Martial Artist (DsCK)                   Turns: 420, Time: 00:01:24

Health: 0/35       AC:  5    Str: 12    XL:     4   Next: 61%
Magic:  4/4        EV: 11    Int: 13    God:    Xom [..*...]
Gold:   31         SH:  0    Dex: 14    Spells: 3/3 levels left

rFire   . . .      SeeInvis .     - Unarmed
rCold   . . .      Faith    .   (no shield)
rNeg    . . .      Spirit   .   a - +2 leather armour
rPois   .          Reflect  .   (helmet restricted)
rElec   .          Harm     .   (no cloak)
rCorr   .          Rampage  .   (no gloves)
Will    .....      NoTele   +   (no boots)
Stlth   +.........              (no amulet)
HPRegen 0.11/turn               (no ring)
MPRegen 0.09/turn               (no ring)

@: mighty
A: foul stench 1, demonic magic 1, horns 1, mutation resistance 1
a: Renounce Religion


You were in the Dungeon.
You worshipped Xom.
You were a toy of Xom.
You visited 1 branch You collected 31 gold pieces.

Inventory:

Hand Weapons
 b - a +1 dagger of venom
Armour
 a - a +2 leather armour (worn)
 f - a +1 robe
Scrolls
 g - a scroll of blinking
 i - a scroll of holy word {unknown}
 l - a scroll of immolation {unknown}
Potions
 c - 3 potions of heal wounds
 d - a potion of haste
 e - 3 potions of magic
 h - 3 potions of mutation
 k - a potion of degeneration {unknown}
 m - a potion of flight
 n - a potion of might


   Skills:
 - Level 3.0 Fighting
 - Level 1.7 Armour
 - Level 0.8 Dodging
 + Level 8.9 Unarmed Combat


You had 3 spell levels left.
You didn't know any spells.
Your spell library was empty.

Dungeon Overview and Level Annotations

Branches:
Dungeon (1/1)

Altars:


Innate Abilities, Weirdness & Mutations

You may rarely emit foul miasma when damaged in melee.
Spells you cast may paralyse adjacent enemies.
You have a pair of small horns on your head.
You are somewhat resistant to further mutation.


Message History

You open the door.
A water elemental comes into view.
You closely miss the water elemental. You headbutt the water elemental!
The water elemental is moderately damaged.
The water elemental hits you.
The water elemental engulfs you in water!
You barely miss the water elemental.
The water elemental is moderately damaged.
Your lungs strain for air!
The water elemental hits you.
You hit the water elemental.
The water elemental is heavily damaged.
Your lungs strain for air!
The water elemental completely misses you.
You are too injured to fight recklessly!
You are too injured to fight recklessly!
You slip free of the water engulfing you.
You gasp with relief as air once again reaches your lungs.
You punch the water elemental!
The water elemental is almost destroyed.
The water elemental closely misses you.
You barely miss the water elemental.
The water elemental is almost destroyed.
The water elemental hits you!
* * * LOW HITPOINT WARNING * * *
You completely miss the water elemental.
You punch the water elemental.
You destroy the water elemental!
Your Unarmed Combat skill increases to level 8!
You have reached level 4!
You feel agile.
There is an open door to the Ecumenical Temple here.
There is a fountain of clear blue water here.
As you open the door, it creaks loudly!
A jelly comes into view.
The jelly quivers.
A shadow comes into view.
The shadow hits you.
You die...
Xom titters!

▓▓▓ # ##.# #####..#
.#..#..#
.#..#..###+#+###+##
.##'#..#..........#
.###...'.⌠......@.#
####...#...######W#
###....#.⌠.# .#
##.....#...# .#
#†.....#+### .#
.#.....# .+
###....# .# ▓▓▓▓▓▓
▓▓


You could see a shadow.

Vanquished Creatures
  A water elemental (D)
  Jessica (D)
  A human (D)
  A phantom (D)
  An endoplasm (D)
  2 rats (D)
7 creatures vanquished.

Notes
Turn   | Place    | Note
-------+----------+-------------------------------------------
     0 | D        | MikeHunt the Demonspawn Chaos Knight began the quest for
                  | the Orb.
     0 | D        | Reached XP level 1. HP: 18/18 MP: 1/1
    16 | D        | Reached skill level 3 in Unarmed Combat
   186 | D        | Noticed Jessica
   194 | D        | XOM: butterfly on damage
   200 | D        | XOM: potion effect (might)
   202 | D        | Killed Jessica
   203 | D        | Reached skill level 6 in Unarmed Combat
   203 | D        | Gained mutation: You may rarely emit foul miasma when
                  | damaged in melee. [demonic ancestry]
   203 | D        | Reached XP level 2. HP: 24/24 MP: 2/2
   214 | D        | Gained mutation: Spells you cast may paralyse adjacent
                  | enemies. [demonic ancestry]
   214 | D        | Reached XP level 3. HP: 25/29 MP: 3/3
   227 | D        | Reached skill level 7 in Unarmed Combat
   389 | D        | Gained mutation: You have a pair of small horns on your
                  | head. [potion of mutation]
   389 | D        | Gained mutation: You are somewhat resistant to further
                  | mutation. [potion of mutation]
   398 | D        | Noticed a water elemental
   406 | D        | Killed a water elemental
   407 | D        | Reached skill level 8 in Unarmed Combat
   407 | D        | Reached XP level 4. HP: 5/35 MP: 4/4
   419 | D        | Noticed a shadow
   420 | D        | Slain by a shadow

Illustrated notes

Levels and vault maps discovered:
D:        dungeon_sprint_mu [sprint_mu_entry_cave, sprint_mu_temple_rooms,
          sprint_mu_d1_horrors, sprint_mu_d2_genie, sprint_mu_d3_branching,
          sprint_mu_orc_legion, sprint_mu_elf_gauntlet, sprint_mu_hive_nellie,
          sprint_mu_lair_fedhas, sprint_mu_vaults_butterflies,
          sprint_mu_slime_circle, sprint_mu_shoals_kraken,
          sprint_mu_snake_twists, sprint_mu_blade_basic, sprint_mu_crypt_lich,
          sprint_mu_tomb_spiral, sprint_mu_vestibule_basic,
          sprint_mu_gehenna_hellfire, sprint_mu_dis_giant,
          sprint_mu_tartarus_statrot, sprint_mu_cocytus_islands, sprint_mu_zot1]

Skill      XL: |  1  2  3 |
---------------+----------+-----
Unarmed Combat | 6 8 |  8.9
Fighting       | |  3.0
Armour         | |  1.7
Dodging        | |  0.8

Action                   |  1- 3 |  4- 6 || total
-------------------------+-------+-------++-------
Melee: Unarmed           |    26 |       ||    26
       Headbutt          |     1 |       ||     1
       Punch             |     1 |       ||     1
  Use: Potion            |     4 |       ||     4
       Scroll            |     2 |       ||     2
Armor: Leather armour    |     4 |       ||     4
Dodge: Dodged            |     6 |       ||     6

Table legend: (Time is in decaauts)
 A = Elapsed time spent in this place.
 B = Non-inter-level travel time spent in this place.
 C = Inter-level travel time spent in this place.
 D = Time resting spent in this place.
 E = Time spent auto-exploring this place.
 F = Levels seen in this place.
 G = Mean time per level.
                   A        B        C        D        E       F      G
               +--------+--------+--------+--------+--------+-----+--------+
         Total |    436 |    421 |     15 |    275 |      0 |   1 |  436.0 |
       Dungeon |    436 |    421 |     15 |    275 |      0 |   1 |  436.0 |
               +--------+--------+--------+--------+--------+-----+--------+

Top non-repeatable levels by time:
       D: 436 daAuts
